 Dungeon Crawl Stone Soup version 0.22-a0-587-g7d32d7c7ae (webtiles) character file.

1001 Foic the Skirmisher (level 8, -1/87 HPs)
             Began as an Ogre Berserker on July 1, 2018.
             Was an Elder of Trog.
             Slain by a wight
             ... wielding a +0 great sword
              (9 damage)
             ... on level 6 of the Dungeon on July 3, 2018.
             The game lasted 00:20:57 (6245 turns).

Foic the Skirmisher (Ogre Berserker)                Turns: 6245, Time: 00:20:58

Health: -1/87      AC:  3    Str: 23 (24) XL:     8   Next: 20%
Magic:  8/8        EV: 10    Int:  7 (8)  God:    Trog [****..]
Gold:   310        SH:  0    Dex:  7 (8)  Spells: 7/7 levels left

rFire    . . .     SeeInvis .   a - +0 hand axe
rCold    . . .     Gourm    .   (no shield)
rNeg     . . .     Faith    .   b - +0 animal skin
rPois    .         Spirit   .   (helmet restricted)
rElec    .         Reflect  .   (no cloak)
rCorr    +         Harm     .   (gloves unavailable)
MR       .....                  (boots unavailable)
Stlth    +.........             (no amulet)
HPRegen  0.24/turn              x - ring of resist corrosion
MPRegen  0.11/turn              (no ring)

@: berserk cooldown, slowed, heavily drained, very slow
A: large, unfitting armour, tough skin 1
a: Berserk, Trog's Hand, Brothers in Arms, Renounce Religion


You were on level 6 of the Dungeon.
You worshipped Trog.
Trog was greatly pleased with you.
You were not hungry.

You visited 1 branch of the dungeon, and saw 6 of its levels.
You also visited: Sewer.

You collected 310 gold pieces.

Inventory:

Hand Weapons
 a - a +0 hand axe (weapon)
 e - a +0 flail of crushing
 m - the +8 dagger "Iciub" {pierce, rElec rF- MR+ Int+6}
   (You found it on level 5 of the Dungeon)

   It inflicts extra damage upon your enemies.
   It affects your intelligence (+6).
   It makes you vulnerable to fire.
   It insulates you from electricity.
   It affects your resistance to hostile enchantments.
Missiles
 j - 210 stones (quivered)
 y - 7 tomahawks
Armour
 b - a +0 animal skin (worn)
Jewellery
 q - an uncursed ring of ice
 x - a ring of resist corrosion (left hand)
Scrolls
 d - 2 scrolls of blinking {unknown}
 g - 3 scrolls of identify
 h - 3 scrolls of remove curse {unknown}
 k - a scroll of immolation {unknown}
 l - 3 scrolls of amnesia {unknown}
 o - 2 scrolls of enchant armour {unknown}
 p - a scroll of teleportation {unknown}
 t - a scroll of random uselessness {unknown}
 u - 2 scrolls of fear
Potions
 f - 3 potions of flight
 i - a potion of heal wounds
 v - 2 potions of agility
Comestibles
 c - 4 rations


   Skills:
 + Level 7.3(5.4) Fighting
 + Level 7.2(5.3) Axes
 + Level 4.8(3.0) Dodging


You had 7 spell levels left.
You didn't know any spells.
Your spell library was empty.

Dungeon Overview and Level Annotations

Branches:
Dungeon (6/15)
 Temple: D:4-7

Altars:
Ashenzari
Dithmenos
Elyvilon
Gozag
Kikubaaqudgha
Makhleb
Nemelex Xobeh
Qazlal
Ru
Sif Muna
Uskayaw
Zin

Shops:
D:2 *   D:4 ![*%%


Innate Abilities, Weirdness & Mutations

You are too large for most types of armour.
You have tough skin. (AC +1)


Message History

The wight hits you with an enchanted morningstar!
* * * LOW HITPOINT WARNING * * *
You feel drained.
* * * LOW HITPOINT WARNING * * *
A wight comes into view. It is wielding an enchanted halberd.
The hound closely misses you.
You feel a strong urge to attack something.
A wight comes into view. It is wielding a great sword.
You feel your anger nearly subside.
You are no longer berserk.
You are exhausted.
You feel yourself slow down. The hound closely misses you.
The wight hits you with a great sword!
* * * LOW HITPOINT WARNING * * *
The hound closely misses you.
There is a stone staircase leading up here.
The hound bites you.
* * * LOW HITPOINT WARNING * * *
The wight hits you with a great sword!
You die...

#.# ... ... .. .. ...#
#.. .. .## ...##.#
#.## #.. #....# #..#
##.. #....##
#..####...
##.....#####..#..#..#.
#.....z.##...# #...###
#.@h.....# ##...# #
#..z#z..####..#).#
#..###...##..###...
#...........## #..
.........?..## #..
...###......## #..
.#.# #.....#.. # #.
#...###.... # #.#.##
...## #.


You could see a hound and 3 wights.

Vanquished Creatures
  2 ogres
  A big kobold (Sewer)
  A scorpion (D:4)
  3 jellies (D:4)
  2 hounds (D:5)
  2 bullfrog skeletons
  Terence (D:2)
  An iguana (D:5)
  4 orc wizards
  3 worker ants
  A worker ant zombie (D:5)
  A gnoll (D:1)
  A river rat (Sewer)
  8 adders
  A shadow imp (D:6)
  9 oozes
  A worm (D:2)
  2 dart slugs (D:1)
  A leopard gecko (D:1)
  11 orcs
  7 giant cockroaches
  9 goblins
  5 hobgoblins
  13 jackals
  17 kobolds
  A quokka (D:4)
  3 ball pythons
  8 bats
  3 frilled lizards
  A leopard gecko zombie (D:5)
  A quokka skeleton (D:4)
  A quokka zombie (D:5)
  10 rats
  A fungus (D:4)
136 creatures vanquished.

Vanquished Creatures (others)
  A human (D:3)
  3 orcs (D:6)
  8 toadstools (D:4)
12 creatures vanquished.

Grand Total: 148 creatures vanquished

Notes
Turn   | Place    | Note
-------+----------+-------------------------------------------
     0 | D:1      | Foic the Ogre Berserker began the quest for the Orb.
     0 | D:1      | Reached XP level 1. HP: 24/24 MP: 1/1
   195 | D:1      | Reached XP level 2. HP: 31/32 MP: 2/2
   463 | D:1      | Reached XP level 3. HP: 26/40 MP: 3/3
   979 | D:1      | Reached ** piety under Trog
  1290 | D:2      | Found Gozag's Platinum Reserve.
  1290 | D:2      | Found an opulent altar of Gozag.
  1335 | D:2      | Reached XP level 4. HP: 42/49 MP: 4/4
  1456 | D:2      | Noticed Terence
  1469 | D:2      | Killed Terence
  1469 | D:2      | Reached skill level 5 in Fighting
  1608 | D:2      | Found a hide-covered altar of Uskayaw.
  1613 | D:2      | Found a glowing silver altar of Zin.
  2075 | D:2      | Reached XP level 5. HP: 57/57 MP: 5/5
  2415 | D:2      | Found a burning altar of Makhleb.
  2570 | D:3      | Found a glowing drain.
  2588 | Sewer    | Entered a sewer
  2689 | Sewer    | Noticed a big kobold
  2705 | Sewer    | Reached *** piety under Trog
  2710 | Sewer    | Killed a big kobold
  2839 | Sewer    | Found a white marble altar of Elyvilon.
  2918 | D:3      | Found an ancient bone altar of Kikubaaqudgha.
  2926 | D:3      | Reached XP level 6. HP: 66/66 MP: 6/6
  2930 | D:3      | Reached skill level 5 in Axes
  3180 | D:3      | Found a shadowy altar of Dithmenos.
  3677 | D:3      | Noticed a human
  3679 | D:3      | Killed a human
  3997 | D:4      | Found Qiem's Assorted Antiques.
  4006 | D:4      | Reached XP level 7. HP: 75/75 MP: 7/7
  4188 | D:4      | Found Zajeos's Food Shop.
  4201 | D:4      | Found Unuimpofu's Food Shoppe.
  4222 | D:4      | Found Garug's Antique Armour Shop.
  4503 | D:4      | Found Qaiwuol's Distillery.
  5070 | D:5      | Entered Level 5 of the Dungeon
  5070 | D:5      | Found a stormy altar of Qazlal.
  5198 | D:5      | Found a sparkling altar of Nemelex Xobeh.
  5233 | D:5      | Found a shattered altar of Ashenzari.
  5313 | D:5      | Found a deep blue altar of Sif Muna.
  5357 | D:5      | Upgraded the game from 0.22-a0-571-g4a923d4b9e to 0.22-a0-587-g7d32d7c7ae
  5435 | D:5      | Reached **** piety under Trog
  5438 | D:5      | Found a white marble altar of Elyvilon.
  5464 | D:5      | Found a sacrificial altar of Ru.
  5480 | D:5      | Reached XP level 8. HP: 84/87 MP: 8/8
  5970 | D:5      | Found a sacrificial altar of Ru.
  5995 | D:5      | Got a twisted dagger
  5996 | D:5      | Identified the +8 dagger "Iciub" {pierce, rElec rF- MR+ Int+6} (You found it on level 5 of the Dungeon)
  6245 | D:6      | Slain by a wight

Vault maps used:
D:1:      mrwooster_arrival_arrow, minmay_hedge_maze,
          hangedman_abyss_or_decor_stabs
D:2:      nicolae_gozag_zags_fifth_avenue, lemuel_coloured_pillars_altar,
          gammafunk_temple_overflow_statue, uniq_terence
D:3:      grunt_dithmenos_smoke, portal_sewer_entry_d, minmay_misc_feat_iff,
          tgw_kikubaaqudgha
D:4:      cheibrodos_fertilizer, serial_shops, nicolae_shop_window_shopping,
          shop, shop, kennysheep_little_box, nicolae_shop_behind_doors,
          first_ration, st_stairs_10
D:5:      overflow_temple_1_default, marbit_many_paths,
          nicolae_overflow_hidden_temple,
          chequers_temple_overflow_statue_of_worship, kennysheep_mini,
          nicolae_ru_great_annihilating_truth
D:6:      cheibriados_altar_1, lemuel_flamethrower_2
Sewer:    sewer_kobolds

Skill      XL: |  1  2  3  4  5  6  7  8 |
---------------+-------------------------+-----
Dodging        | 3 4 |  4.8
Fighting       | 5 6 7 |  7.3
Axes           | 4 5 6 7 |  7.2

Action                   |  1- 3 |  4- 6 |  7- 9 || total
-------------------------+-------+-------+-------++-------
Melee: Hand axe          |   120 |   195 |   197 ||   512
Invok: Berserk           |     1 |     6 |     3 ||    10
  Use: Scroll            |       |     3 |     2 ||     5
       Potion            |       |     3 |     7 ||    10
 Stab: Sleeping          |       |     1 |     1 ||     2
       Paralysed         |       |       |     2 ||     2
  Eat: Chunk             |     2 |     7 |     5 ||    14
       Ration            |       |     2 |     2 ||     4
Armor: Animal skin       |    46 |    28 |    34 ||   108
Dodge: Dodged            |    75 |   102 |    99 ||   276

Table legend:
 A = Spawn XP
 B = Non-spawn XP
 C = Spawn XP percentage of total XP
 D = Spawn monster count
 E = Non-spawn monster count
 F = Spawn count percentage of total count
 G = Total turns spent on level
                    A         B        C        D         E        F      G
               +---------+---------+-------+---------+---------+-------+---------
         Total |       0 |    1431 |   0.0 |       0 |     135 |   0.0 |  6245
               +---------+---------+-------+---------+---------+-------+---------
           D:1 |       0 |      62 |   0.0 |       0 |      28 |   0.0 |  1190
           D:2 |       0 |     163 |   0.0 |       0 |      27 |   0.0 |  1560
           D:3 |       0 |     150 |   0.0 |       0 |      18 |   0.0 |   640
           D:4 |       0 |     559 |   0.0 |       0 |      34 |   0.0 |  1384
           D:5 |       0 |     365 |   0.0 |       0 |      17 |   0.0 |  1018
           D:6 |       0 |      11 |   0.0 |       0 |       1 |   0.0 |   157
         Sewer |       0 |     121 |   0.0 |       0 |      10 |   0.0 |   296
               +---------+---------+-------+---------+---------+-------+---------
